 Dungeon Crawl Stone Soup version 0.19-a0-1676-g39ae8cc (webtiles) character file.

4930 dorian the Distorting Orc (level 10, -2/86 HPs)
             Began as a Hill Orc Abyssal Knight on Sept 21, 2016.
             Was a Believer of Lugonu.
             Slain by Gastronok (32 damage)
             ... on level 9 of the Dungeon on Sept 23, 2016.
             The game lasted 00:28:17 (8936 turns).

dorian the Distorting Orc (Hill Orc Abyssal Knight) Turns: 8936, Time: 00:28:17

Health: -2/86      AC:  8    Str: 19    XL:     10   Next: 52%
Magic:  10/16      EV: 16    Int: 12    God:    Lugonu [**....]
Gold:   210        SH:  0    Dex: 15    Spells: 0 memorised, 9 levels left

rFire  + . .     SeeInvis .     m - +1 short sword (distort)
rCold  + . .     Gourm    .     O - +3 leather armour
rNeg   + + .     Faith    .     (no shield)
rPois  +         Spirit   .     (helmet restricted)
rElec  +         Dismiss  .     s - +0 cloak
rCorr  +         Reflect  .     (no gloves)
MR     .....     Harm     .     (no boots)
Stlth  ++........               o - amulet of regeneration
                                y - ring of positive energy
                                v - ring of positive energy

@: agile, resistant, very slightly contaminated, hasted and slowed
A: antennae 1, low mp 1, sense surroundings 1
a: Depart the Abyss, Bend Space, Renounce Religion


You were on level 9 of the Dungeon.
You worshipped Lugonu.
Lugonu was pleased with you.
You were not hungry.

You visited 1 branch of the dungeon, and saw 9 of its levels.
You visited the Abyss 1 time.
You also visited: Sewer.

You collected 572 gold pieces.
You spent 362 gold pieces at shops.

Inventory:

Hand Weapons
 a - a +2 falchion
 m - a +1 short sword of distortion (weapon)
 w - a +0 long sword
 J - a +0 falchion of holy wrath
Missiles
 j - 6 javelins (quivered)
Armour
 s - a +0 cloak (worn)
 M - a +0 helmet
 O - a +3 leather armour (worn)
Jewellery
 h - an uncursed amulet of dismissal
 o - an amulet of regeneration (around neck)
 v - a ring of positive energy (left hand)
 y - a ring of positive energy (right hand)
 D - a +2 ring of strength
 K - an uncursed ring of stealth {unknown}
 R - an uncursed ring of magical power {unknown}
Wands
 i - a wand of polymorph (16/24)
 x - a wand of iceblast (0/15)
 G - a wand of digging (16/24)
 L - a wand of confusion (0/48)
 P - a wand of polymorph (8/24)
Scrolls
 b - a scroll of immolation {unknown}
 d - 2 scrolls of enchant weapon
 e - a scroll of magic mapping
 f - 3 scrolls of amnesia
 g - 4 scrolls of remove curse
 k - 6 scrolls of identify
 n - 3 scrolls of teleportation
 H - 2 scrolls of enchant armour
 I - a scroll of blinking
 N - a scroll of fog
 S - a scroll of recharging
Potions
 l - a potion of mutation
 p - a potion of flight {unknown}
 q - a potion of degeneration {unknown}
 t - a potion of lignification {unknown}
 u - a potion of resistance
 z - 2 potions of heal wounds
 A - 2 potions of haste
 B - a potion of agility
 E - 4 potions of curing
Comestibles
 c - 4 bread rations
 r - 6 meat rations
 C - 2 fruits
 F - 5 beef jerkies
 Q - 3 royal jellies
 T - 6 chunks of flesh
 U - 7 slices of pizza


   Skills:
 + Level 7.6 Fighting
 + Level 11.0 Long Blades
 + Level 6.4 Armour
 - Level 0.7 Dodging
 - Level 11.0 Invocations


You had 9 spell levels left.
You didn't know any spells.

Dungeon Overview and Level Annotations

Branches:
Dungeon (9/15)             Temple (0/1) D:5            Lair (0/6) D:9
    Orc: D:9-12

Altars:
Ashenzari
Dithmenos
Elyvilon
Fedhas
Hepliaklqana
Kikubaaqudgha
Makhleb
Trog
Uskayaw
Xom
Yredelemnul
The Shining One

Shops:
D:6 ?   D:7 [

Annotations:
D:9 Gastronok
Abyss:1 Dowan, Duvessa, Erolcha, Jessica, Joseph


Innate Abilities, Weirdness & Mutations

You have a pair of small antennae on your head.
Your magical capacity is low. (-10% MP)
You passively map a small area around you.


Message History

You hit Gastronok but do no damage.
Gastronok is moderately wounded.
Gastronok closely misses you.
You riposte.
You hit Gastronok.
Gastronok is moderately wounded.
You slash Gastronok!
Gastronok is moderately wounded.
You hit Gastronok.
Gastronok is heavily wounded.
Gastronok waves his eye-stalks in wide circles.
The air twists around and strikes you!
Wield which item (- for none, * to show all)? (? for menu, Esc to quit)
Your +0 falchion of holy wrath stops glowing.
Space warps around you for a moment!
m - a +1 short sword of distortion (weapon)
You hit Gastronok.
Gastronok looks slightly unstable.
Gastronok is heavily wounded.
You puncture Gastronok!
Gastronok is heavily wounded.
Gastronok bites you!!
You die...

.######......'...... , #...##
.#...........#...... , , ,#(..#
.#...........#...... , , #...##
.#...........# ....., , ,, #.....
.+.###.......######## ,,,#.....
.# #####..........########..†..
.# #....................... ## ,
#.......w............... .., ,
#......@................ ... ,>.
#.............(......... ...#
...#......######.########.. ...#,
...'......#....#.#......#.. ...#
,.#......#....#.#......#.. ...# ,
#......#....#.#......#.. ...#
#......#'#'##.'......#..
...#######.............########..
.................................


You could see Gastronok.

Vanquished Creatures
  A yak (D:8)
  A human (D:8)
  A hog (D:8)
  An ice beast (D:8)
  2 sky beasts
  A necrophage (D:8)
  A black bear (D:8)
  An eye of draining (D:8)
  5 ogres
  A centaur (D:9)
  A crocodile (D:9)
  5 big kobolds
  A bullfrog (D:8)
  A gnoll sergeant (D:9)
  A scorpion (D:6)
  A killer bee (D:9)
  2 howler monkeys
  2 crimson imps
  2 centaur zombies
  A quasit (D:9)
  3 jellies
  Crazy Yiuf (D:3)
  4 orc priests
  4 hounds
  7 orc wizards
  2 iguanas
  Natasha (thrice) (D:3)
  Terence (D:2)
  5 worker ants
  A hound skeleton (D:8)
  13 gnolls
  A howler monkey skeleton (D:5)
  11 adders
  2 river rats
  3 shadow imps
  6 oozes
  An adder zombie (D:7)
  5 worms
  3 dart slugs
  8 leopard geckos
  28 orcs
  3 ball pythons
  3 giant cockroaches
  10 hobgoblins
  2 jackals (D:3)
  15 kobolds
  2 quokkas
  4 bats
  5 frilled lizards
  4 goblins
  A jackal skeleton (D:6)
  A quokka skeleton (D:5)
  18 rats
212 creatures vanquished.

Vanquished Creatures (others)
  A troll (D:9)
  2 hogs (D:8)
  An orc warrior (D:8)
  An ogre (D:5)
  A necrophage (D:6)
  A centaur (D:5)
  A big kobold (Sewer)
  3 killer bees (D:9)
  A hound (D:4)
  A jelly (D:7)
  3 orc wizards
  2 gnolls
  An adder (D:5)
  A river rat (Sewer)
  A worm (Sewer)
  A dart slug (D:3)
  An orc (D:5)
  A giant cockroach (D:2)
  A fungus (D:5)
25 creatures vanquished.

Grand Total: 237 creatures vanquished

Notes
Turn   | Place    | Note
-------+----------+-------------------------------------------
     0 | Abyss:1  | dorian the Hill Orc Abyssal Knight began the quest for the Orb.
     0 | Abyss:1  | Reached XP level 1. HP: 19/19 MP: 2/2
    19 | D:1      | Escaped the Abyss
   178 | D:1      | Reached XP level 2. HP: 22/26 MP: 2/4
   866 | D:1      | Reached XP level 3. HP: 28/31 MP: 5/5
  1089 | D:2      | Reached ** piety under Lugonu
  1521 | D:2      | Reached XP level 4. HP: 26/39 MP: 7/7
  1544 | D:2      | Found an ancient bone altar of Kikubaaqudgha.
  1570 | D:2      | Noticed Terence
  1592 | D:2      | Killed Terence
  1616 | D:2      | Reached skill level 5 in Invocations
  1696 | D:2      | Reached XP level 5. HP: 45/45 MP: 8/8
  1909 | D:3      | Noticed Natasha
  1927 | D:3      | Killed Natasha
  1939 | D:3      | Noticed Natasha
  1948 | D:3      | Killed Natasha
  2008 | D:3      | Found a glowing drain.
  2021 | Sewer    | Entered a sewer
  2062 | Sewer    | Reached XP level 6. HP: 47/51 MP: 10/10
  2113 | Sewer    | Reached skill level 5 in Long Blades
  2180 | Sewer    | Reached *** piety under Lugonu
  2449 | Sewer    | Reached XP level 7. HP: 42/57 MP: 12/12
  2854 | D:3      | Noticed Jessica
  2857 | D:3      | Banished Jessica
  3137 | D:3      | Found a runed door.
  3210 | D:3      | Noticed Natasha
  3438 | D:3      | Killed Natasha
  3474 | D:3      | Noticed Crazy Yiuf
  3480 | D:3      | Killed Crazy Yiuf
  3568 | D:4      | Noticed Dowan
  3569 | D:4      | Noticed Duvessa
  3569 | D:4      | Banished Dowan
  3570 | D:4      | Banished Duvessa
  3576 | D:4      | Upgraded the game from 0.19-a0-1670-gc28a5d9 to 0.19-a0-1676-g39ae8cc
  3745 | D:4      | Reached XP level 8. HP: 59/64 MP: 14/14
  4293 | D:5      | Entered Level 5 of the Dungeon
  4333 | D:5      | Found a hazy altar of Hepliaklqana.
  4334 | D:5      | Found a shimmering altar of Xom.
  4335 | D:5      | Noticed a spectral ugly thing
  4624 | D:5      | Found a staircase to the Ecumenical Temple.
  4705 | D:5      | Found a glowing golden altar of the Shining One.
  4761 | D:5      | Reached skill level 10 in Invocations
  4800 | D:5      | Found a blossoming altar of Fedhas.
  4805 | D:5      | Reached **** piety under Lugonu
  5261 | D:6      | Found a white marble altar of Elyvilon.
  5333 | D:6      | Found a hide-covered altar of Uskayaw.
  5418 | D:6      | Found Homun's Magic Scroll Boutique.
  5423 | D:6      | Bought a scroll of enchant armour for 90 gold pieces
  5423 | D:6      | Bought a scroll of blinking for 90 gold pieces
  5442 | D:6      | Reached XP level 9. HP: 66/70 MP: 16/16
  5655 | D:6      | Found a basalt altar of Yredelemnul.
  6370 | D:7      | Found Vyeffoq's Antique Armour Shop.
  6387 | D:7      | Bought a helmet for 126 gold pieces
  6387 | D:7      | Bought a glowing leather armour for 56 gold pieces
  6510 | D:7      | Noticed Joseph
  6511 | D:7      | Banished Joseph
  6541 | D:7      | Found a burning altar of Makhleb.
  6988 | D:8      | Reached skill level 5 in Fighting
  7067 | D:8      | Reached skill level 10 in Long Blades
  7154 | D:8      | Found a shadowy altar of Dithmenos.
  7236 | D:8      | Found a bloodstained altar of Trog.
  7464 | D:8      | Reached skill level 5 in Armour
  7464 | D:8      | Reached XP level 10. HP: 37/83 MP: 13/18
  7734 | D:9      | Found a staircase to the Lair.
  7762 | D:9      | Gained mutation: You passively map a small area around you. [mutagenic meat]
  7765 | D:9      | Gained mutation: Your magical capacity is low. (-10% MP) [mutagenic meat]
  7768 | D:9      | Gained mutation: You have a pair of small antennae on your head. [mutagenic meat]
  7926 | D:9      | Noticed Erolcha
  7928 | D:9      | Banished Erolcha
  7961 | D:9      | Found a shattered altar of Ashenzari.
  8249 | D:9      | Found a burning altar of Makhleb.
  8895 | D:9      | Noticed Gastronok
  8936 | D:9      | Slain by Gastronok

Vault maps used:
D:1:      scummos_arrival_star, kennysheep_another_room,
          minmay_misc_feat_encased
D:2:      lemuel_coloured_pillars_altar, minmay_strange_pillars,
          kennysheep_cluttered_room, uniq_terence
D:3:      portal_sewer_entry_e, uniq_natasha, uniq_crazy_yiuf_cottage,
          uniq_jessica
D:4:      uniq_duvessa
D:5:      regret_index_temple_of_mockery, fedhas_altar_3, tso_oasis_becter,
          first_bread
D:6:      kennysheep_ying_yang, lemuel_doored_altar, serial_shops,
          kennysheep_little_box
D:7:      kennysheep_mini_moat, serial_shops, nicolae_shop_overgrown_old_shop,
          uniq_joseph
D:8:      trog_eyes_of_draining, basic_altar, grunt_livestock
D:9:      lemuel_round_altar, ashenzari_conservatory_becter, lair_0_dummy,
          makhleb_heckhound_becter, uniq_gastronok, uniq_erolcha
Sewer:    sewer_co_tree

Skill      XL: |  1  2  3  4  5  6  7  8  9 10 |
---------------+-------------------------------+-----
Invocations    | 3 4 5 6 7 8 10 11 | 11.0
Long Blades    | 3 4 5 7 8 10 11 | 11.0
Fighting       | 6 7 |  7.6
Armour         | 5 6 |  6.4
Dodging        | |  0.7

Action                   |  1- 3 |  4- 6 |  7- 9 | 10-12 || total
-------------------------+-------+-------+-------+-------++-------
Melee: Falchion          |    67 |       |   252 |   264 ||   583
       Short sword       |    35 |   181 |   273 |     2 ||   491
Throw: Javelin           |       |       |     2 |     4 ||     6
Invok: Banish            |       |       |    13 |    10 ||    23
Evoke: Wand              |       |       |     7 |     1 ||     8
  Use: Scroll            |       |       |    18 |     2 ||    20
       Potion            |       |       |     1 |     6 ||     7
  Eat: Chunk             |     2 |     4 |    15 |     8 ||    29
       Bread ration      |       |       |     1 |     1 ||     2
Armor: Leather armour    |    18 |    29 |    95 |    71 ||   213
Dodge: Dodged            |    56 |    74 |   223 |   129 ||   482
